 Dungeon Crawl Stone Soup version 0.30-a0-253-g6b895097cc (console) character file.

Game seed: 13079432509288671309

47 Ignak the Magician (level 3, -1/26 HPs)
             Began as a Gnoll Hedge Wizard on Oct 13, 2022.
             Slain by an ufetubus (4 damage)
             ... on level 4 of the Dungeon.
             The game lasted 00:04:49 (2231 turns).

Ignak the Magician (Gnoll Hedge Wizard)             Turns: 2231, Time: 00:04:51

Health: -1/26      AC:  3    Str:  9    XL:     3   Next: 70%
Magic:  2/11       EV: 13    Int: 15    God:
Gold:   123        SH:  5    Dex: 11    Spells: 2/16 levels left

rFire   . . .      SeeInvis +    a - +2 whip (elec)
rCold   . . .      Faith    .    (no shield)
rNeg    + . .      Spirit   .    n - +0 robe
rPois   .          Reflect  +    e - +0 helmet
rElec   .          Harm     .    (no cloak)
rCorr   .          Rampage  .    (no gloves)
Will    .....                    (no boots)
Stlth   ++........               k - amulet of reflection
HPRegen 0.24/turn                q - ring of positive energy
MPRegen 0.12/turn                r - ring of see invisible

@: on blink cooldown, very slightly contaminated
A: fangs 1, strong nose, distributed training
a: no special abilities


You were on level 4 of the Dungeon.
You visited 1 branch of the dungeon, and saw 4 of its levels.

You collected 123 gold pieces.

Inventory:

Hand Weapons
 a - a +2 whip of electrocution (weapon)
 b - a +0 short sword
Missiles
 f - 13 poisoned darts (quivered)
Armour
 e - a +0 helmet (worn)
 n - a +0 robe (worn)
Jewellery
 k - an amulet of reflection (around neck)
 q - a ring of positive energy (left hand)
 r - a ring of see invisible (right hand)
Scrolls
 g - 3 scrolls of teleportation {unknown}
 h - 2 scrolls of fear {unknown}
 i - a scroll of acquirement {unknown}
 l - a scroll of identify {unknown}
 m - a scroll of blinking {unknown}
Potions
 c - 2 potions of heal wounds {unknown}
 d - a potion of magic
 j - a potion of lignification {unknown}
 o - a potion of mutation {unknown}
 p - a potion of attraction {unknown}


   Skills:
 + Level 1.0 Fighting
 + Level 1.0 Short Blades
 + Level 1.0 Long Blades
 + Level 1.0 Axes
 + Level 1.0 Maces & Flails
 + Level 1.0 Polearms
 + Level 1.0 Staves
 + Level 1.0 Ranged Weapons
 + Level 1.0 Throwing
 + Level 1.0 Armour
 + Level 4.6 Dodging
 + Level 4.2 Stealth
 + Level 1.0 Shields
 + Level 1.0 Unarmed Combat
 + Level 7.1 Spellcasting
 + Level 2.1 Conjurations
 + Level 0.7 Hexes
 + Level 2.1 Summonings
 + Level 0.7 Necromancy
 + Level 2.1 Translocations
 + Level 0.7 Transmutations
 + Level 0.7 Fire Magic
 + Level 0.7 Ice Magic
 + Level 0.7 Air Magic
 + Level 0.7 Earth Magic
 + Level 0.7 Poison Magic
 + Level 1.0 Invocations
 + Level 1.0 Evocations


You had 2 spell levels left.
You knew the following spells:

 Your Spells              Type           Power      Damage    Failure   Level
a - Magic Dart            Conj           44%        1d5       5%          1
b - Blink                 Tloc           22%        N/A       9%          2
c - Ensorcelled Hibernat  Hex/Ice        14%        N/A       14%         2
d - Mephitic Cloud        Conj/Pois/Air  8%         N/A       24%         3
e - Call Imp              Summ           11%        N/A       9%          2
f - Momentum Strike       Conj/Tloc      22%        3d8       9%          2
t - Passwall              Tmut/Erth      5%         N/A       14%         2

Your spell library contained the following spells:

 Spells                   Type           Power      Damage    Failure   Level
 Slow                     Hex            28%        N/A       10%         1
 Cigotuvi's Dreadful Rot  Necr/Pois/Air  14%        N/A       14%         2
 Lesser Beckoning         Tloc           22%        N/A       16%         3
 Swiftness                Air            7%         N/A       28%         3


Dungeon Overview and Level Annotations

Branches:
Dungeon (4/15)
 Temple: D:4-7

Altars:


Innate Abilities, Weirdness & Mutations

You have very sharp teeth.
Your uncanny sense of smell can sniff out nearby items.
Your experience applies equally to all skills.


Message History

The stone hits the ufetubus but does no damage.
The kobold hits your crimson imp but does no damage.
The ufetubus hits you. The ufetubus barely misses you.
Your crimson imp misses the kobold.
Something hits your crimson imp.
The kobold hits your crimson imp with a +0 short sword.
The ufetubus barely misses you. The ufetubus hits you.
* * * LOW HITPOINT WARNING * * *
Casting: Call Imp (safe; 9% risk of failure)
Confirm with . or Enter, or press ? or * to list all spells.
You blink.
You aren't carrying any items that you can evoke.
Okay, then.
Casting: Blink (safe; 9% risk of failure)
Confirm with . or Enter, or press ? or * to list all spells.
Aiming: Momentum Strike (safe; 9% risk of failure)
Press: ? - help, Dir - move target, f - ufetubus
Aim: an ufetubus (moderately wounded, ally target, 48% to hit)
The concentrated momentum misses the ufetubus.
The ufetubus hits you.
* * * LOW HITPOINT WARNING * * *
You block the ufetubus's attack.
Your crimson imp blinks!
Casting: Momentum Strike (safe; 9% risk of failure)
Confirm with . or Enter, or press ? or * to list all spells.
Okay, then.
Unknown command.
Press: ? - help, v - describe, . - travel
Here: an ufetubus (moderately wounded, ally target)
The floor.
Casting: Momentum Strike (safe; 9% risk of failure)
Confirm with . or Enter, or press ? or * to list all spells.
The spell is extremely dangerous to miscast (24% risk of failure)!
Continue anyway?
Aiming: Mephitic Cloud (extremely dangerous; 24% risk of failure)
Press: ? - help, Shift-Dir - straight line, p - ufetubus You miscast Mephitic Cloud.
You are very lightly contaminated with residual magic.
Nothing appears to happen.
The ufetubus barely misses you.
The ufetubus closely misses you. x2; The ufetubus hits you.
You die...

#.#...........
#<..##†...#...
##.####.##.#
#..###...# #
##.......#
##.#§#...#.#
#>.......#.#
#.5#.#5..#.#
#@.......#.#
#........#.# #
.............# ###..
.............###.=...
.............K....K..
####..........K#.....
#.................
##...........#.#..
#...........##.# .


You could see an ufetubus (ally target) and a friendly crimson imp (summoned).

Vanquished Creatures
  An adder (D:4)
  A dart slug (D:3)
  An orc (D:3)
  4 bats
  2 endoplasms
  A giant cockroach (D:2)
  A goblin (D:1)
  3 hobgoblins
  3 kobolds
  2 frilled lizards
  6 rats
25 creatures vanquished.

Vanquished Creatures (collateral kills)
  A worm (D:2)
  An endoplasm (D:2)
  A giant cockroach (D:2)
  A goblin (D:2)
  A hobgoblin (D:2)
  2 bats (D:3)
7 creatures vanquished.

Vanquished Creatures (others)
  A hobgoblin (D:2)
  2 plants (D:2)
3 creatures vanquished.

Grand Total: 35 creatures vanquished

Notes
Turn   | Place    | Note
-------+----------+-------------------------------------------
     0 | D:1      | Ignak the Gnoll Hedge Wizard began the quest for the Orb.
     0 | D:1      | Reached XP level 1. HP: 13/13 MP: 8/8
   120 | D:1      | You fall into a shaft and drop 1 floor!
   263 | D:1      | Reached XP level 2. HP: 17/19 MP: 10/10
   268 | D:1      | Learned a level 2 spell: Blink
   271 | D:1      | Learned a level 2 spell: Call Imp
   449 | D:1      | Found a faded altar of an unknown god.
   468 | D:1      | Learned a level 2 spell: Momentum Strike
   706 | D:2      | Learned a level 2 spell: Ensorcelled Hibernation
   709 | D:2      | Learned a level 2 spell: Passwall
  1125 | D:2      | Reached XP level 3. HP: 18/25 MP: 8/11
  1150 | D:2      | Learned a level 3 spell: Mephitic Cloud
  1813 | D:3      | Reached skill level 1 in Invocations
  2187 | D:4      | Reached skill level 1 in Fighting
  2187 | D:4      | Reached skill level 1 in Short Blades
  2187 | D:4      | Reached skill level 1 in Long Blades
  2187 | D:4      | Reached skill level 1 in Axes
  2187 | D:4      | Reached skill level 1 in Maces & Flails
  2187 | D:4      | Reached skill level 1 in Polearms
  2187 | D:4      | Reached skill level 1 in Staves
  2187 | D:4      | Reached skill level 1 in Ranged Weapons
  2187 | D:4      | Reached skill level 1 in Throwing
  2187 | D:4      | Reached skill level 1 in Armour
  2187 | D:4      | Reached skill level 1 in Shields
  2187 | D:4      | Reached skill level 1 in Unarmed Combat
  2187 | D:4      | Reached skill level 1 in Evocations
  2231 | D:4      | Slain by an ufetubus

Illustrated notes

Levels and vault maps discovered:
D:1:      zaba_arrival_water, layout_loops_ring, basic_ecumenical_altar,
          ebering_dispersal_statue_hall
D:2:      layout_loops_corners, serial_bayou_pond_d
D:3:      layout_rooms
D:4:      layout_rooms, nicolae_ashenzari_skybound, serial_co_window_serial,
          co_window_of_opportunity_a, co_window_paths_b,
          co_window_of_opportunity_a, co_window_corner_a, co_window_paths_a,
          co_window_cross_4, co_window_broadway_c, co_window_paths_c,
          co_window_broadway_c, co_window_broadway_a, co_window_corner_b,
          co_window_paths_d, glass_columns_a, glass_columns_b, glass_columns_a

Skill      XL: |  1  2  3 |
---------------+----------+-----
Conjurations   | 2 |  2.1
Summonings     | 2 |  2.1
Translocations | 2 |  2.1
Invocations    | 1 |  1.0
Fighting       | 1 |  1.0
Short Blades   | 1 |  1.0
Long Blades    | 1 |  1.0
Axes           | 1 |  1.0
Maces & Flails | 1 |  1.0
Polearms       | 1 |  1.0
Staves         | 1 |  1.0
Ranged Weapons | 1 |  1.0
Throwing       | 1 |  1.0
Armour         | 1 |  1.0
Shields        | 1 |  1.0
Unarmed Combat | 1 |  1.0
Evocations     | 1 |  1.0
Dodging        | |  4.6
Stealth        | |  4.2
Spellcasting   | |  7.1
Hexes          | |  0.7
Necromancy     | |  0.7
Transmutations | |  0.7
Fire Magic     | |  0.7
Ice Magic      | |  0.7
Air Magic      | |  0.7
Earth Magic    | |  0.7
Poison Magic   | |  0.7

Action                   || total
-------------------------++-------
Melee: Dagger            ||    64
       Bite              ||     6
       Punch             ||     2
       Whip              ||    18
       Short sword       ||     6
 Cast: Magic Dart        ||    11
       Call Imp          ||     9
       Ensorcelled Hiber ||     3
       Momentum Strike   ||     2
       Blink             ||     1
 Stab: Sleeping          ||    10
Armor: Robe              ||    20
Dodge: Dodged            ||    79
Block: Other             ||    21

Table legend: (Time is in decaauts)
 A = Elapsed time spent in this place.
 B = Non-inter-level travel time spent in this place.
 C = Inter-level travel time spent in this place.
 D = Time resting spent in this place.
 E = Time spent auto-exploring this place.
 F = Levels seen in this place.
 G = Mean time per level.
                   A        B        C        D        E       F      G
               +--------+--------+--------+--------+--------+-----+--------+
         Total |   2237 |   2130 |    107 |    106 |   1344 |   4 |  559.2 |
       Dungeon |   2237 |   2130 |    107 |    106 |   1344 |   4 |  559.2 |
               +--------+--------+--------+--------+--------+-----+--------+

Top non-repeatable levels by time:
     D:2: 1066 daAuts
     D:1: 696 daAuts
     D:3: 416 daAuts
     D:4: 58 daAuts
